 Dungeon Crawl Stone Soup version 0.18.1-48-g4cf74bf (webtiles) character file.

145 Alarkh the Shooter (level 5, -1/38 HPs)
             Began as a Mummy Hunter on Sept 4, 2016.
             Slain by a hound (3 damage)
             ... on level 4 of the Dungeon.
             The game lasted 00:03:22 (2057 turns).

Alarkh the Shooter (Mummy Hunter)                   Turns: 2057, Time: 00:03:22

Health: -1/38      AC:  3    Str: 16    XL:     5   Next: 6%
Magic:  5/5        EV: 11    Int: 11    God:
Gold:   83         SH:  0    Dex: 12    Spells: 0 memorised, 4 levels left

rFire  x . .     SeeInvis .     b - +0 dagger (venom)
rCold  + + .     Gourm    .     c - +0 leather armour
rNeg   + + +     Faith    .     (no shield)
rPois  ∞         Spirit   .     (no helmet)
rElec  .         Dismiss  .     (no cloak)
rCorr  .         Reflect  .     (no gloves)
SustAt .         Harm     .     (no boots)
MR     .....                    (no amulet)
Stlth  +.........               (no ring)
                                p - ring of protection from cold

@: not resistant to hostile enchantments, very unstealthy
A: no food or potions, fire vulnerability, cold resistance 1, negative energy
resistance 3, torment resistance, unbreathing
a: no special abilities


You were on level 4 of the Dungeon.
You were not hungry.

You visited 1 branch of the dungeon, and saw 4 of its levels.

You collected 83 gold pieces.

Inventory:

Hand Weapons
 a - a +1 shortbow
 b - a +0 dagger of venom (weapon)
 e - a +0 short sword
 k - a +1 dagger of draining
 m - a +2 dagger of draining
Missiles
 d - 18 arrows
Armour
 c - a +0 leather armour (worn)
Jewellery
 p - a ring of protection from cold (left hand)
Wands
 l - a wand of lightning (15/15)
Scrolls
 f - a scroll of noise
 i - a scroll of fog
 n - a scroll of identify {unknown}
 o - a scroll of magic mapping {unknown}
 q - 2 scrolls of blinking {unknown}


   Skills:
 - Level 2.0 Fighting
 + Level 5.3 Bows
 - Level 1.5 Dodging
 - Level 0.7 Stealth


You had 4 spell levels left.
You didn't know any spells.

Dungeon Overview and Level Annotations

Branches:
Dungeon (4/15)
 Temple: D:4-7

Altars:
Qazlal
Ru


Innate Abilities, Weirdness & Mutations

You do not eat or drink.
Your flesh is vulnerable to fire.
You are immune to poison.
Your flesh is cold resistant.
You are immune to negative energy.
You are immune to unholy pain and torment.
You can survive without breathing.


Message History

You feel stronger.
There is a stone staircase leading down here.
You barely miss the hound.
The howler monkey hits you but does no damage.
The howler monkey bites you.
* * * LOW HITPOINT WARNING * * *
The hound barely misses you.
The howler monkey hits you but does no damage.
The howler monkey bites you but does no damage.
You completely miss the hound. The hound barely misses you.
The howler monkey barely misses you. x2
You hit the hound.
The hound is poisoned.
The hound is lightly wounded.
The hound bites you but does no damage. The howler monkey hits you.
* * * LOW HITPOINT WARNING * * *
The howler monkey closely misses you. The hound misses you.
Unknown command.
The hound barely misses you. The hound bites you.
You die...

# ########## ...
..##..(.....###...
#
.................
...
#.............>
#...#.[h.....#....
#....@h..>...# .
##...........# ..
#...........# ...
##..........# ....
#....#.###!# .....
#.##...#
#.##...... #.
#.#####.........
#.
#..#[...##..###.
#.#...h##....##


You could see a howler monkey and a hound.

Vanquished Creatures
  A hound (D:4)
  Ijyb (D:2)
  4 adders (D:2)
  A worm (D:2)
  2 dart slugs
  3 giant geckos
  2 giant cockroaches
  9 goblins
  10 hobgoblins
  A kobold (D:2)
  6 bats
  3 giant newts (D:2)
  4 rats (D:1)
47 creatures vanquished.

Notes
Turn   | Place    | Note
--------------------------------------------------------------
     0 | D:1      | Alarkh the Mummy Hunter began the quest for the Orb.
     0 | D:1      | Reached XP level 1. HP: 16/16 MP: 1/1
    75 | D:1      | Reached XP level 2. HP: 22/22 MP: 2/2
   336 | D:1      | Reached skill level 4 in Bows
   464 | D:2      | Reached XP level 3. HP: 15/27 MP: 3/3
   643 | D:2      | Noticed Ijyb
   668 | D:2      | Killed Ijyb
   670 | D:2      | Reached XP level 4. HP: 20/33 MP: 4/4
  1213 | D:2      | Found a faded altar to an unknown god.
  1231 | D:2      | Became a worshipper of Ru the Awakened
  1231 | D:2      | Fell from the grace of Ru
  1580 | D:2      | Reached skill level 5 in Bows
  1979 | D:3      | Found a stormy altar of Qazlal.
  2007 | D:3      | Noticed a centaur
  2050 | D:4      | Reached XP level 5. HP: 4/38 MP: 5/5
  2053 | D:4      | HP: 1/38 [howler monkey (2)]
  2057 | D:4      | Slain by a hound

Skill      XL: |  1  2  3  4 |
---------------+-------------+-----
Bows           | 4 5 |  5.3
Fighting       | |  2.0
Dodging        | |  1.5
Stealth        | |  0.7

Action                   |  1- 3 |  4- 6 || total
-------------------------+-------+-------++-------
Melee: Dagger            |    72 |   100 ||   172
 Fire: Shortbow          |    12 |       ||    12
Invok: Renounce Religion |       |     1 ||     1
  Use: Scroll            |       |     5 ||     5
 Stab: Sleeping          |     1 |       ||     1
Armor: Leather armour    |    26 |    27 ||    53
Dodge: Dodged            |    29 |    69 ||    98
